 Dungeon Crawl Stone Soup version 0.22.1-1-ga44c0e5 (webtiles) character file.

515 sbiou the Charmwright (level 7, -1/56 HPs)
             Began as a Gnoll Skald on Sept 26, 2018.
             Succumbed to Eustachio's poison
             ... on level 4 of the Dungeon.
             The game lasted 00:12:42 (3231 turns).

sbiou the Charmwright (Gnoll Skald)                 Turns: 3231, Time: 00:12:43

Health: -1/56      AC: 17    Str: 13 (15) XL:     7   Next: 20%
Magic:  15/15      EV:  5    Int: 14 (16) God:
Gold:   242        SH:  0    Dex: 13 (14) Spells: 16/17 levels left

rFire    . . .     SeeInvis .   j - +2 hand axe (freeze)
rCold    . . .     Gourm    .   (no shield)
rNeg     . . .     Faith    .   r - +3 plate armour
rPois    .         Spirit   .   s - +2 helmet
rElec    .         Reflect  .   (no cloak)
rCorr    .         Harm     .   (no gloves)
MR       .....                  (no boots)
Stlth    ..........             (no amulet)
HPRegen  0.18/turn              (no ring)
MPRegen  0.14/turn              (no ring)

@: lethally poisoned (-1 -> -55)
A: distributed training, fangs 1, strong nose
a: no special abilities


You were on level 4 of the Dungeon.
You were near starving.

You visited 1 branch of the dungeon, and saw 4 of its levels.

You collected 242 gold pieces.

Inventory:

Hand Weapons
 j - a +2 hand axe of freezing (weapon)
Missiles
 e - 56 arrows
 f - 26 stones (quivered)
 h - 51 sling bullets
 m - 12 poisoned needles
Armour
 r - a +3 plate armour (worn)
 s - a +2 helmet (worn)
Wands
 a - a wand of random effects (30)
 b - a wand of digging (23)
Scrolls
 g - 6 scrolls of teleportation
 i - a scroll of fear
 o - a scroll of amnesia {unknown}
 p - a scroll of identify
Comestibles
 d - 8 rations


   Skills:
 + Level 5.1 Fighting
 + Level 2.3 Short Blades
 + Level 2.3 Long Blades
 + Level 2.3 Axes
 + Level 2.3 Maces & Flails
 + Level 5.1 Polearms
 + Level 2.3 Staves
 + Level 2.3 Slings
 + Level 2.3 Bows
 + Level 2.3 Crossbows
 + Level 2.3 Throwing
 + Level 3.5 Armour
 + Level 5.1 Dodging
 + Level 2.3 Stealth
 + Level 2.3 Shields
 + Level 2.3 Unarmed Combat
 + Level 5.5 Spellcasting
 + Level 1.8 Conjurations
 + Level 1.8 Hexes
 + Level 5.8 Charms
 + Level 1.8 Summonings
 + Level 1.8 Necromancy
 + Level 1.8 Translocations
 + Level 1.8 Transmutations
 + Level 1.8 Fire Magic
 + Level 1.8 Ice Magic
 + Level 1.8 Air Magic
 + Level 1.8 Earth Magic
 + Level 1.8 Poison Magic
 + Level 2.5 Invocations
 + Level 2.3 Evocations


You had 16 spell levels left.
You knew the following spells:

 Your Spells              Type           Power        Failure   Level  Hunger
a - Infusion              Chrm           ###.         88%         1    None

Your spell library contained the following spells:

 Spells                   Type           Power        Failure   Level  Hunger
 Song of Slaying          Chrm           ###.....     96%         2    ##.....
 Shroud of Golubria       Chrm/Tloc      ##........   100%        2    ##.....
 Regeneration             Chrm/Necr      ##........   100%        3    ###....
 Spectral Weapon          Hex/Chrm       ##......     100%        3    ###....


Dungeon Overview and Level Annotations

Branches:
Dungeon (4/15)
 Temple: D:4-7

Altars:
Fedhas

Annotations:
D:4 Eustachio


Innate Abilities, Weirdness & Mutations

Your experience applies equally to all skills.
You have very sharp teeth.
Your uncanny sense of smell can sniff out nearby items.


Message History

You are more poisoned.
You hit Eustachio but do no damage.
Eustachio is severely wounded.
You closely miss the bat.
* * * LOW HITPOINT WARNING * * *
You feel very sick. The bat hits you but does no damage.
Eustachio hits you but does no damage.
You are more poisoned.
Your plate armour prevents you from hitting Eustachio.
Eustachio is severely wounded.
You hit the quokka. You freeze the quokka.
* * * LOW HITPOINT WARNING * * *
You feel very sick. Eustachio hits you but does no damage.
You are more poisoned.
The quokka barely misses you.
You hit Eustachio. You freeze Eustachio. Your bite misses Eustachio.
Eustachio is severely wounded.
You hit the quokka but do no damage.
You die...

#..........
#.#......####
#............
#.........###
#............
#.........### #
#.........'..
#.######.........###
#br@@..#.........###
######.#............
#.#...........#
#.#.######+#.##
#######.#.######..<..
#.......#........#.##
##.####.#######.##.##
#.# ####<....###.##
#.# ####..# #.##


You could see Eustachio, a quokka and a bat.

Vanquished Creatures
  Grinder (D:4)
  An ogre (D:4)
  An orc priest (D:3)
  An orc wizard (D:3)
  Terence (D:3)
  3 adders
  An ooze (D:1)
  3 worms (D:2)
  5 dart slugs
  12 orcs (D:3)
  2 ball pythons
  7 giant cockroaches
  10 goblins
  10 hobgoblins
  7 jackals
  9 kobolds
  A quokka (D:3)
  4 bats
  5 frilled lizards
  7 rats
91 creatures vanquished.

Notes
Turn   | Place    | Note
-------+----------+-------------------------------------------
     0 | D:1      | sbiou the Gnoll Skald began the quest for the Orb.
     0 | D:1      | Reached XP level 1. HP: 20/20 MP: 6/6
     2 | D:1      | Noticed a centaur
     4 | D:1      | Noticed a felid
     4 | D:1      | Noticed a spriggan
     6 | D:1      | Noticed an elf
     6 | D:1      | Noticed a formicid
     8 | D:1      | Noticed a halfling
     8 | D:1      | Noticed a ghoul
    10 | D:1      | Noticed a human
    10 | D:1      | Noticed an ogre
    12 | D:1      | Noticed a vine stalker
    12 | D:1      | Noticed a gargoyle
    14 | D:1      | Noticed a troll
    16 | D:1      | Noticed a demigod
    16 | D:1      | Noticed an octopode
    18 | D:1      | Noticed a draconian
    18 | D:1      | Noticed a vampire
    20 | D:1      | Noticed a demonspawn
    20 | D:1      | Noticed a minotaur
    22 | D:1      | Noticed a dwarf
    24 | D:1      | Noticed a merfolk
    26 | D:1      | Noticed a tengu
    26 | D:1      | Noticed a naga
    71 | D:1      | Reached XP level 2. HP: 10/26 MP: 1/7
   636 | D:1      | Reached XP level 3. HP: 26/31 MP: 9/9
   659 | D:1      | Reached skill level 5 in Spellcasting
  1078 | D:2      | Reached skill level 1 in Invocations
  1151 | D:2      | Reached skill level 1 in Short Blades
  1151 | D:2      | Reached skill level 1 in Long Blades
  1151 | D:2      | Reached skill level 1 in Axes
  1151 | D:2      | Reached skill level 1 in Maces & Flails
  1151 | D:2      | Reached skill level 1 in Staves
  1151 | D:2      | Reached skill level 1 in Slings
  1151 | D:2      | Reached skill level 1 in Bows
  1151 | D:2      | Reached skill level 1 in Crossbows
  1151 | D:2      | Reached skill level 1 in Throwing
  1151 | D:2      | Reached skill level 1 in Stealth
  1151 | D:2      | Reached skill level 1 in Shields
  1151 | D:2      | Reached skill level 1 in Unarmed Combat
  1151 | D:2      | Reached skill level 1 in Evocations
  1151 | D:2      | Reached XP level 4. HP: 15/38 MP: 11/11
  1829 | D:2      | Found a blossoming altar of Fedhas.
  1908 | D:3      | Reached skill level 1 in Conjurations
  1908 | D:3      | Reached skill level 1 in Hexes
  1908 | D:3      | Reached skill level 1 in Summonings
  1908 | D:3      | Reached skill level 1 in Necromancy
  1908 | D:3      | Reached skill level 1 in Translocations
  1908 | D:3      | Reached skill level 1 in Transmutations
  1908 | D:3      | Reached skill level 1 in Fire Magic
  1908 | D:3      | Reached skill level 1 in Ice Magic
  1908 | D:3      | Reached skill level 1 in Air Magic
  1908 | D:3      | Reached skill level 1 in Earth Magic
  1908 | D:3      | Reached skill level 1 in Poison Magic
  1916 | D:3      | Noticed Terence
  1973 | D:3      | Killed Terence
  1973 | D:3      | Reached XP level 5. HP: 19/43 MP: 12/12
  2711 | D:3      | Reached XP level 6. HP: 34/50 MP: 8/13
  2960 | D:4      | Noticed Grinder
  2976 | D:4      | Paralysed by Grinder for 2 turns
  2984 | D:4      | Killed Grinder
  2984 | D:4      | Reached skill level 5 in Fighting
  2984 | D:4      | Reached skill level 5 in Polearms
  2984 | D:4      | Reached skill level 5 in Dodging
  3141 | D:4      | Reached XP level 7. HP: 55/56 MP: 15/15
  3210 | D:4      | Noticed Eustachio
  3231 | D:4      | Succumbed to Eustachio's poison

Skill      XL: |  1  2  3  4  5  6 |
---------------+-------------------+-----
Spellcasting   | 5 |  5.5
Invocations    | 1 2 |  2.5
Short Blades   | 1 2 |  2.3
Long Blades    | 1 2 |  2.3
Axes           | 1 2 |  2.3
Maces & Flails | 1 2 |  2.3
Staves         | 1 2 |  2.3
Slings         | 1 2 |  2.3
Bows           | 1 2 |  2.3
Crossbows      | 1 2 |  2.3
Throwing       | 1 2 |  2.3
Stealth        | 1 2 |  2.3
Shields        | 1 2 |  2.3
Unarmed Combat | 1 2 |  2.3
Evocations     | 1 2 |  2.3
Conjurations   | 1 |  1.8
Hexes          | 1 |  1.8
Summonings     | 1 |  1.8
Necromancy     | 1 |  1.8
Translocations | 1 |  1.8
Transmutations | 1 |  1.8
Fire Magic     | 1 |  1.8
Ice Magic      | 1 |  1.8
Air Magic      | 1 |  1.8
Earth Magic    | 1 |  1.8
Poison Magic   | 1 |  1.8
Armour         | 3 |  3.5
Fighting       | 5 |  5.1
Polearms       | 5 |  5.1
Dodging        | 5 |  5.1
Charms         | |  5.8

Action                   |  1- 3 |  4- 6 |  7- 9 || total
-------------------------+-------+-------+-------++-------
Melee: Spear             |   168 |   136 |       ||   304
       Bite              |    16 |    18 |       ||    34
       Mace              |       |    60 |       ||    60
       War axe           |       |    14 |       ||    14
       Punch             |       |     1 |       ||     1
       Dagger            |       |    16 |       ||    16
       Hand axe          |       |     4 |    17 ||    21
Throw: Stone             |     8 |     7 |       ||    15
 Cast: Infusion          |     1 |     2 |       ||     3
  Use: Potion            |       |     3 |     1 ||     4
       Scroll            |       |     7 |       ||     7
  Eat: Chunk             |       |     6 |       ||     6
Armor: Leather armour    |    25 |     1 |       ||    26
       Chain mail        |       |   106 |       ||   106
       Ring mail         |       |    10 |       ||    10
       Plate armour      |       |       |    21 ||    21
Dodge: Dodged            |    86 |   113 |     8 ||   207
